Map: Whispers of Gold

Players

MVP

  • Race: Terran Terran
  • League: Platinum
  • Spawn Location: 5:00

DESTRUCTOR - Winner!

  • Race: Terran Terran
  • League: Platinum
  • Spawn Location: 9:00

VOD

Have the link to the VOD?

Description

Time

  • Played on: Feb. 9, 2025, 7:45 p.m.
  • Length: 19:15
Show
View Real Time Build Order
Export as new Build Order

MVP Terran 

Build Orders:  

Get SALT Encoding   

  12  0:00  SCV  
  13  0:12  SCV  
  14  0:18  Supply Depot  
  14  0:25  SCV  
  15  0:40  SCV  
  15  0:41  Barracks  
  16  0:52  SCV  
  17  0:57  Refinery  
  18  1:04  SCV  
  18  1:16  SCV  
  19  1:28  Marine  
  20  1:33  Orbital Command  
  20  1:43  Command Center  
  20  1:53  Supply Depot  
  20  1:54  Marine  
  21  2:08  SCV  
  21  2:16  Engineering Bay  
  21  2:20  SCV  
  21  2:23  Marine  
  21  2:27  Barracks  
  21  2:29  Barracks  
  22  2:32  SCV  
  22  2:35  Bunker  
  23  2:41  Marine  
  21  2:44  SCV  
  22  2:59  Marine  
  19  3:23  SCV  
  19  3:26  Marine x3  
  18  3:35  SCV  
  18  3:38  Terran Infantry Weapons Level 1  
  19  3:44  Marine x2  
  19  3:47  SCV  
  15  3:58  Bunker  
  15  3:59  SCV  
  15  4:02  Marine x2  
  17  4:13  Supply Depot  
  17  4:35  Marine x2, Supply Depot  
  19  4:43  Barracks  
  19  4:47  SCV  
  20  4:54  Marine  
  20  4:56  Marine  
  23  5:00  SCV  
  23  5:17  Marine x2  
  25  5:35  Marine x2  
  24  5:37  Marine  
  26  5:53  Marine x2  
  28  6:02  Marine  
  29  6:09  Supply Depot  
  29  6:10  Marine  
  28  6:20  Marine  
  29  6:29  Marine  
  13  6:48  Marine  
  13  6:49  Marine  
  15  6:56  SCV  
  16  7:06  Marine x2  
  16  7:08  SCV  
  19  7:24  Marine x2, SCV, Barracks x2  
  22  7:36  SCV  
  23  7:38  Terran Infantry Armor Level 1  
  23  7:42  Marine x2  
  16  8:12  SCV  
  17  8:15  Marine  
  17  8:16  Marine x2  
  20  8:33  Marine x2  
  24  8:41  SCV  
  24  8:45  Barracks Tech Lab  
  23  8:51  Marine x2  
  23  8:53  SCV  
  26  9:03  Combat Shield  
  28  9:14  Barracks Reactor  
  28  9:16  Barracks Reactor  
  26  9:19  Marauder  
  28  9:40  Marine  
  12  9:54  Marine x4  
  12  9:57  Marine  
  17  10:01  SCV  
  18  10:12  Marine x2  
  18  10:13  SCV  
  21  10:16  Marine  
  22  10:23  Marine  
  23  10:37  SCV  
  23  10:48  Marine  
  24  10:50  Marine  
  24  10:55  SCV  
  26  11:12  Marine x2  
  26  11:13  Marine  
  26  11:16  Marine  
  30  11:22  SCV  
  31  11:42  Supply Depot  
  31  12:03  SCV  
  32  12:12  Marine x4  
  36  12:20  Marine  
  37  12:30  Marine  
  38  12:39  Marine  
  39  13:16  Marine x3  
  39  13:17  Marine x2  
  28  13:34  Marine x4  
  27  13:41  Marine  
  28  13:51  Marine  
  28  13:52  Marine x2  
  31  14:02  Marine  
  22  14:03  Marine  
  11  14:15  Marine  
  12  14:29  Marine  
  12  14:30  Marine  
  14  14:36  Marine  
  15  14:46  Marine  
  16  15:03  Marine x2  
  18  15:12  Marine  
  19  15:34  Marine x3  
  22  15:51  Marine x2  
  22  15:52  Marine x2  
  26  16:02  Marine  
  27  16:09  Marine x3  
  27  16:10  Marine  
  31  16:20  Marine  
  32  16:26  SCV  
  32  16:27  Marine x3  
  32  16:28  Marine  
  37  16:38  Marine  
  38  16:46  Supply Depot  
  38  16:52  Marine  
  39  17:07  Marine  
  40  17:10  Marine  
  41  17:20  Marine  
  42  17:39  SCV  
  43  17:46  Marine  
  44  18:05  Marine  
  44  18:06  Marine x2  
  47  18:20  Marine x2  
  47  18:23  Marine  
Show
View Real Time Build Order
Export as new Build Order

DESTRUCTOR Terran - Winner!

Build Orders:  

Get SALT Encoding   

  12  0:01  SCV  
  13  0:14  SCV  
  14  0:24  Supply Depot  
  14  0:27  SCV  
  15  0:46  SCV  
  16  0:57  Barracks x2  
  16  1:01  SCV  
  17  1:13  SCV  
  17  1:14  Supply Depot  
  18  1:25  SCV  
  19  1:44  Marine  
  19  1:45  Marine  
  20  1:56  Barracks  
  20  1:58  Barracks  
  20  2:02  Marine x2  
  22  2:23  Marine x2  
  24  2:41  Marine x2  
  26  2:46  Supply Depot  
  26  2:50  Marine, Supply Depot  
  28  2:59  Marine x2  
  29  3:08  Marine  
  27  3:16  Marine  
  27  3:17  Marine  
  29  3:26  Marine  
  29  3:34  Marine x2  
  31  3:43  Marine  
  32  3:52  Marine x2  
  32  4:00  Supply Depot  
  32  4:01  Marine, Barracks  
  33  4:10  Marine x2  
  35  4:19  Marine  
  35  4:21  SCV  
  37  4:24  Supply Depot  
  37  4:28  Marine x2  
  39  4:37  Marine  
  40  4:45  Marine  
  40  4:46  Marine  
  40  4:47  Supply Depot  
  42  4:55  Marine  
  43  5:01  Command Center  
  43  5:03  Marine x2  
  43  5:04  Marine  
  46  5:12  Marine  
  47  5:21  Marine x2  
  47  5:22  Marine  
  47  5:30  Marine  
  45  5:39  Marine x3  
  48  5:48  Marine  
  49  5:57  Marine x3  
  49  6:03  Supply Depot  
  52  6:06  Marine, Supply Depot  
  47  6:20  Marine  
  47  6:21  Marine x2  
  47  6:24  Marine  
  51  6:31  SCV  
  52  6:38  Marine x3  
  42  6:44  SCV  
  36  6:54  Marine  
  36  6:56  Marine x3, SCV  
  41  7:08  SCV  
  42  7:12  Marine, Barracks  
  42  7:14  Marine x3  
  46  7:20  SCV  
  47  7:26  Marine  
  48  7:30  Marine  
  48  7:32  Marine x3  
  52  7:39  SCV  
  53  7:44  Marine  
  53  7:52  SCV  
  51  8:04  SCV  
  41  8:12  Marine x5  
  45  8:16  SCV  
  48  8:28  SCV  
  48  8:30  Marine x5  
  54  8:40  SCV  
  54  8:48  Marine x5  
  58  8:52  SCV  
  60  9:04  SCV, Barracks  
  60  9:05  Marine x2  
  60  9:06  Marine x2  
  65  9:16  SCV  
  66  9:23  Marine x4  
  70  9:30  Barracks  
  70  9:41  Marine x4  
  62  9:57  Marine  
  62  9:59  Marine x4  
  67  10:14  Marine  
  67  10:17  Marine x4  
  67  10:19  Marine  
  73  10:32  Marine, SCV, Barracks  
  73  10:34  Marine x2, Barracks  
  73  10:35  Marine x2  
  79  10:36  Marine  
  80  10:44  SCV  
  81  10:50  Marine  
  81  10:52  Marine x4  
  81  10:53  Command Center  
  81  10:54  Marine  
  87  11:08  Marine  
  87  11:10  Marine x4  
  92  11:12  Marine  
  93  11:25  Supply Depot  
  93  11:26  Marine  
  93  11:28  Marine x4  
  93  11:30  Marine, Supply Depot  
  99  11:43  Marine  
  99  11:46  Marine x4  
  104  11:48  Marine  
  104  11:49  Supply Depot  
  105  11:55  Supply Depot  
  105  12:01  Marine  
  105  12:03  Marine  
  105  12:04  Marine x3  
  105  12:06  Marine  
  111  12:14  Supply Depot  
  111  12:19  Marine  
  111  12:21  Marine x2  
  111  12:22  Marine x2  
  116  12:23  Marine  
  117  12:37  Marine  
  117  12:39  Marine x2  
  117  12:40  Marine x2  
  117  12:41  Marine  
  123  12:46  Barracks  
  123  12:48  Barracks  
  123  12:55  Marine  
  123  12:57  Marine x2  
  123  12:58  Marine x2  
  128  12:59  Marine  
  129  13:13  Marine  
  129  13:15  Marine x2  
  129  13:16  Marine x2  
  129  13:17  Marine  
  84  13:30  Marine  
  84  13:33  Marine x4  
  77  13:35  Marine  
  78  13:48  Marine  
  78  13:50  Marine x2  
  78  13:51  Marine x2  
  78  13:52  Marine  
  74  14:06  Marine  
  74  14:08  Marine x2  
  74  14:09  Marine x2  
  72  14:10  Marine  
  73  14:24  Marine  
  73  14:26  Marine x2  
  73  14:27  Marine x2  
  73  14:28  Marine  
  73  14:30  Supply Depot  
  79  14:32  Supply Depot  
  79  14:42  Marine  
  79  14:44  Marine x2  
  79  14:45  Marine x2  
  84  14:46  Marine  
  85  14:59  Marine  
  85  15:02  Marine x4  
  85  15:04  Marine  
  91  15:09  Supply Depot  
  91  15:10  Supply Depot  
  91  15:17  Marine  
  91  15:19  Marine x2  
  91  15:20  Marine x2  
  96  15:21  Marine  
  97  15:35  Marine  
  97  15:37  Marine x2, Barracks  
  97  15:38  Marine x2, Barracks  
  97  15:39  Marine  
  103  15:53  Marine  
  103  15:55  Marine x2  
  103  15:56  Marine x2  
  108  15:57  Marine  
  109  16:11  Marine  
  110  16:13  Marine x2  
  110  16:14  Marine x2  
  110  16:15  Marine  
  115  16:26  Barracks  
  115  16:28  Marine  
  115  16:31  Marine x4  
  115  16:32  Supply Depot  
  120  16:33  Marine  
  121  16:46  Marine  
  122  16:48  Marine  
  122  16:49  Marine x3  
  122  16:51  Marine  
  127  16:54  Supply Depot  
  127  17:24  Barracks x2  
  127  18:22  Supply Depot x2  
  127  18:41  Supply Depot  
  127  18:46  Supply Depot x2  
  93  19:09  Supply Depot  
  92  19:10  Supply Depot  
Tags
 
Add a new tag
Caveats
  • Supply blocks, unpowered buildings, or Contaminate may cause inaccurate times.
  • Supply counts are checked every 10 seconds.